 Dungeon Crawl Stone Soup version 0.22-a0-78-g0f8607c (webtiles) character file.

21596 KristoblXynda the Carver (level 12, -7/94 HPs)
             Began as a Purple Draconian Gladiator on Jan 15, 2018.
             Was an Elder of Vehumet.
             Splashed by an acid dragon's acid (16 damage)
             ... on level 14 of the Dungeon.
             The game lasted 00:37:01 (15621 turns).

KristoblXynda the Carver (DrGl)                    Turns: 15621, Time: 00:37:01

Health: -7/94      AC: 12    Str: 17    XL:     12   Next: 55%
Magic:  25/25      EV: 17    Int: 17    God:    Vehumet [****..]
Gold:   828        SH:  5    Dex: 17    Spells: 13/29 levels left

rFire    + . .     SeeInvis +   r - +9 long sword of Ru's Pride {freeze, Stlth+}
rCold    + . .     Gourm    .   k - +0 buckler {rC+ rF+}
rNeg     + . .     Faith    .   (armour unavailable)
rPois    .         Spirit   .   F - +2 hat of the Devil's Team {*Corrode rN+ MR++ SInv}
rElec    .         Reflect  .   y - +0 cloak
rCorr    .         Harm     .   (no gloves)
MR       +++..     Clarity  +   b - +0 pair of boots
Stlth    ++++......             s - amulet of magic regeneration
HPRegen  0.25/turn              w - +4 ring of dexterity
MPRegen  0.44/turn              a - +4 ring of intelligence

@: no status effects
A: breathe power, unfitting armour, hooves 1, clarity, cold-blooded, AC +8
a: Breathe Dispelling Energy, Renounce Religion


You were on level 14 of the Dungeon.
You worshipped Vehumet.
Vehumet was greatly pleased with you.
You were full.

You visited 3 branches of the dungeon, and saw 16 of its levels.

You collected 828 gold pieces.

Inventory:

Hand Weapons
 r - the +9 long sword of Ru's Pride (weapon) {freeze, Stlth+}
   (You found it on level 6 of the Dungeon)

   It has been specially enchanted to freeze those struck by it, causing extra
   injury to most foes and up to half again as much damage against particularly
   susceptible opponents.
   It can also slow down cold-blooded creatures.
   It makes you more stealthy.
 D - a +0 scimitar
Missiles
 c - 5 throwing nets (quivered)
Armour
 b - a +0 pair of boots (worn)
 k - a +0 buckler of resistance (worn)
 y - a +0 cloak (worn)
 F - the +2 hat of the Devil's Team (worn) {*Corrode rN+ MR++ SInv}
   (You acquired it on level 13 of the Dungeon)

   It protects you from negative energy.
   It affects your resistance to hostile enchantments.
   It lets you see invisible.
   It may corrode you when you take damage.
Jewellery
 a - a +4 ring of intelligence (right hand)
 e - an uncursed amulet of the gourmand
 s - an amulet of magic regeneration (around neck)
 w - a +4 ring of dexterity (left hand)
Wands
 o - a wand of acid (4)
 p - a wand of disintegration (2)
 x - a wand of iceblast (14)
Scrolls
 f - 3 scrolls of teleportation
 g - 2 scrolls of amnesia
 i - 4 scrolls of fog
 j - 10 scrolls of remove curse
 l - 2 scrolls of fear
 n - a scroll of enchant weapon
 u - 6 scrolls of magic mapping
Potions
 h - a potion of cancellation
 m - 4 potions of flight
 q - 2 potions of invisibility
 t - 4 potions of ambrosia
 z - 4 potions of lignification
 A - 2 potions of haste
 B - 3 potions of mutation
 E - 3 potions of might
 G - 3 potions of curing
Books
 H - a book of Battle

   Spells                             Type                      Level
   a - Infusion                       Charms                       1
   b - Shroud of Golubria             Charms/Translocation         2
   c - Song of Slaying                Charms                       2
   d - Spectral Weapon                Hexes/Charms                 3
   e - Regeneration                   Charms/Necromancy            3
 I - a book of Party Tricks

   Spells                             Type                      Level
   a - Summon Butterflies             Summoning                    1
   b - Apportation                    Translocation                1
   c - Lesser Beckoning               Translocation                3
   d - Tukima's Dance                 Hexes                        3
   e - Alistair's Intoxication        Transmutation/Poison         5
   f - Invisibility                   Hexes                        6
 J - a book of the Tempests

   Spells                             Type                      Level
   a - Static Discharge               Conjuration/Air              3
   b - Lightning Bolt                 Conjuration/Air              5
   c - Ignition                       Fire                         8
   d - Tornado                        Air                          9
   e - Shatter                        Earth                        9
 K - a book of Misfortune

   Spells                             Type                      Level
   a - Confusing Touch                Hexes                        1
   b - Confuse                        Hexes                        3
   c - Gell's Gravitas                Translocation                3
   d - Petrify                        Transmutation/Earth          4
   e - Metabolic Englaciation         Hexes/Ice                    5
   f - Yara's Violent Unravelling     Hexes/Transmutation          5
 L - a book of Flames

   Spells                             Type                      Level
   a - Flame Tongue                   Conjuration/Fire             1
   b - Throw Flame                    Conjuration/Fire             2
   c - Conjure Flame                  Conjuration/Fire             3
   d - Inner Flame                    Hexes/Fire                   3
   e - Sticky Flame                   Conjuration/Fire             4
   f - Fireball                       Conjuration/Fire             5
 M - a book of Debilitation

   Spells                             Type                      Level
   a - Corona                         Hexes                        1
   b - Slow                           Hexes                        2
   c - Inner Flame                    Hexes/Fire                   3
   d - Portal Projectile              Hexes/Translocation          3
   e - Cause Fear                     Hexes                        4
   f - Leda's Liquefaction            Hexes/Earth                  4
Comestibles
 d - 27 rations


   Skills:
 - Level 5.0 Fighting
 + Level 12.5 Long Blades
 - Level 2.0 Throwing
 - Level 7.1 Dodging
 - Level 5.2 Stealth
 - Level 4.0 Shields
 + Level 9.1 Spellcasting
 + Level 6.7 Conjurations
 - Level 7.0 Hexes
 + Level 1.0 Charms
 - Level 5.0 Evocations


You had 13 spell levels left.
You knew the following spells:

 Your Spells              Type           Power        Failure   Level  Hunger
a - Dazzling Spray        Conj/Hex       ####..       1%          3    None
b - Regeneration          Chrm/Necr      #.........   22%         3    None
c - Invisibility          Hex            ####....     61%         6    ######.
d - Sticky Flame          Conj/Fire      ###.....     6%          4    ###....


Dungeon Overview and Level Annotations

Branches:
Dungeon (14/15)            Temple (1/1) D:7            Lair (1/6) D:10
    Orc (0/2) D:9
 Vaults: D:13-14

Altars:
Ashenzari
Cheibriados
Dithmenos
Elyvilon
Fedhas
Gozag
Hepliaklqana
Kikubaaqudgha
Makhleb
Nemelex Xobeh
Okawaru
Qazlal
Ru
Sif Muna
Trog
Uskayaw
Vehumet
Wu Jian
Xom
Yredelemnul
Zin
The Shining One

Annotations:
Lair:1 exclusion: 3 oklob plants


Innate Abilities, Weirdness & Mutations

You can breathe bolts of dispelling energy.
Your rich purple scales are hard. (AC +8)
You cannot fit into any form of body armour.
You are cold-blooded and may be slowed by cold attacks.
You have large cloven feet.
You possess an exceptional clarity of mind.


Message History

* * * LOW HITPOINT WARNING * * *
You hear a roar!
Unknown command.
There is an open door here.
You barely miss the purple ugly thing.
The purple ugly thing is heavily wounded.
The purple ugly thing tentacle-slaps you but does no damage.
Unknown command.
Evoke which item? (* to show all) (? for menu, Esc to quit)
Aiming: Disintegrate
Press: ? - help, Shift-Dir - straight line, f - purple ugly thing
Aim: a purple ugly thing (heavily wounded, chance to defeat MR: 69%)
The purple ugly thing is blasted.
You hear two shouts!
The purple ugly thing closely misses you.
The acid dragon spits acid at you. The splash of acid hits you!
* * * LOW HITPOINT WARNING * * *
You are splashed with acid!
The acid burns!
You die...

.# #.#(#### .#
#p#(#.#......# .#
#D#)##.#......# .#
#?#.#.#.#......# .####
######..#......# ....#
#.#....#......#
....###+##.#D####....#
.....................#
..............u.@....#
.................<...#
######......#####.......
#......# .......
#......# .......
#......# .......
#......# .......
#......# #######
#......#


You could see a purple ugly thing and an acid dragon.

Vanquished Creatures
  A hydra (D:11)
  Harold (Lair:1)
  A centaur warrior (D:14)
  3 two-headed ogres
  2 death knights
  An unseen horror (D:12)
  3 ugly things
  A manticore (D:12)
  A cyclops (D:12)
  A gargoyle (D:10)
  A freezing wraith (D:14)
  A kobold demonologist (D:12)
  A queen bee (D:9)
  Prince Ribbit (D:7)
  2 hornets
  4 hippogriffs
  Sigmund (D:2)
  2 wraiths
  18 yaks
  A vampire (D:10)
  2 wyverns
  Eustachio (D:5)
  Grum (D:11)
  A hungry ghost (D:7)
  A soldier ant (D:11)
  3 water moccasins
  4 orc warriors
  2 ice beasts
  3 porcupines (D:10)
  5 sky beasts
  5 ogres
  6 phantoms
  A wolf (D:11)
  2 crocodiles
  3 centaurs
  4 big kobolds
  4 bullfrogs
  A wyvern zombie (D:13)
  2 scorpions
  29 killer bees
  6 howler monkeys
  4 electric eels
  7 crimson imps
  2 bullfrog zombies
  6 hounds
  A quasit (D:12)
  4 jellies
  A bullfrog skeleton (D:6)
  3 centaur skeletons
  8 orc priests
  A gnoll shaman (D:7)
  2 iguanas
  10 orc wizards
  7 worker ants
  A hound zombie (D:8)
  A hound skeleton (D:5)
  11 adders
  8 gnolls
  5 shadow imps
  An ooze (D:2)
  2 adder zombies
  An adder skeleton (D:6)
  2 worms
  2 dart slugs
  A leopard gecko (D:5)
  62 orcs
  A ball python (D:2)
  11 giant cockroaches
  12 goblins
  2 hobgoblins
  17 jackals
  25 kobolds
  A quokka (D:3)
  7 bats
  3 frilled lizards
  A giant cockroach zombie (D:5)
  2 quokka skeletons
  5 rats
  A plant (D:6)
374 creatures vanquished.

Vanquished Creatures (others)
  A centaur (D:14)
  3 fungi (D:10)
  A plant (D:6)
  4 toadstools (D:1)
9 creatures vanquished.

Grand Total: 383 creatures vanquished

Notes
Turn   | Place    | Note
-------+----------+-------------------------------------------
     0 | D:1      | KristoblXynda the Draconian Gladiator began the quest for the Orb.
     0 | D:1      | Reached XP level 1. HP: 17/17 MP: 1/1
   169 | D:1      | Reached XP level 2. HP: 19/24 MP: 2/2
   812 | D:2      | Reached XP level 3. HP: 9/29 MP: 3/3
   840 | D:2      | Reached skill level 4 in Long Blades
  1189 | D:2      | Noticed Sigmund
  1213 | D:2      | Killed Sigmund
  1213 | D:2      | Reached skill level 5 in Long Blades
  1213 | D:2      | Reached XP level 4. HP: 35/36 MP: 4/4
  1213 | D:2      | Reached XP level 5. HP: 40/41 MP: 5/5
  1891 | D:3      | Reached XP level 6. HP: 24/48 MP: 6/6
  2251 | D:3      | Reached skill level 6 in Long Blades
  2598 | D:3      | Found a snail-covered altar of Cheibriados.
  3353 | D:4      | Your scales start taking on a rich purple colour.
  3353 | D:4      | Reached XP level 7. HP: 26/55 MP: 7/7
  3919 | D:5      | Entered Level 5 of the Dungeon
  3925 | D:5      | Noticed Eustachio
  3936 | D:5      | Reached skill level 7 in Long Blades
  3960 | D:5      | Reached skill level 5 in Dodging
  3964 | D:5      | Killed Eustachio
  4041 | D:5      | Reached skill level 8 in Long Blades
  4041 | D:5      | Reached XP level 8. HP: 17/61 MP: 8/8
  4118 | D:5      | Found a glowing silver altar of Zin.
  4691 | D:5      | Gained mutation: Your body sometimes deteriorates upon taking damage. [potion of mutation]
  4691 | D:5      | Gained mutation: You have a pair of small antennae on your head. [potion of mutation]
  4691 | D:5      | Gained mutation: You have sharp toenails. [potion of mutation]
  4692 | D:5      | Lost mutation: You have sharp toenails. [potion of mutation]
  4692 | D:5      | Lost mutation: Your body sometimes deteriorates upon taking damage. [potion of mutation]
  4692 | D:5      | Lost mutation: You have a pair of small antennae on your head. [potion of mutation]
  4692 | D:5      | Gained mutation: You have large cloven feet. [potion of mutation]
  4692 | D:5      | Gained mutation: You possess an exceptional clarity of mind. [potion of mutation]
  4719 | D:6      | Got an ancient long sword
  4724 | D:6      | Identified the +9 long sword of Ru's Pride {freeze, Stlth+} (You found it on level 6 of the Dungeon)
  4752 | D:6      | Found a shimmering altar of Xom.
  4903 | D:6      | Found a white marble altar of Elyvilon.
  4903 | D:6      | Found a stormy altar of Qazlal.
  4908 | D:6      | Found a deep blue altar of Sif Muna.
  4951 | D:6      | Learned a level 3 spell: Dazzling Spray
  5157 | D:6      | Reached skill level 1 in Hexes
  5157 | D:6      | Reached skill level 1 in Evocations
  5161 | D:6      | Found an ancient bone altar of Kikubaaqudgha.
  5165 | D:6      | Found a sacrificial altar of Ru.
  5171 | D:6      | Reached skill level 9 in Long Blades
  6343 | D:7      | Reached XP level 9. HP: 44/67 MP: 11/11
  6870 | D:7      | Found a staircase to the Ecumenical Temple.
  6895 | Temple   | Entered the Ecumenical Temple
  6956 | Temple   | Became a worshipper of Vehumet
  7159 | D:7      | Noticed Prince Ribbit
  7168 | D:7      | Killed Prince Ribbit
  7329 | D:7      | Reached skill level 1 in Spellcasting
  7819 | D:8      | Reached skill level 10 in Long Blades
  7819 | D:8      | Reached skill level 5 in Hexes
  7819 | D:8      | Reached skill level 5 in Evocations
  7833 | D:8      | Noticed a two-headed ogre
  7838 | D:8      | Killed a two-headed ogre
  7838 | D:8      | Reached skill level 1 in Stealth
  7838 | D:8      | Reached XP level 10. HP: 43/73 MP: 12/14
  8217 | D:8      | Reached * piety under Vehumet
  8217 | D:8      | Offered knowledge of Freeze by Vehumet.
  9609 | D:9      | Found a staircase to the Orcish Mines.
  9638 | D:9      | Reached ** piety under Vehumet
  9639 | D:9      | Offered knowledge of Throw Flame by Vehumet.
  9664 | D:9      | Reached skill level 5 in Spellcasting
  9815 | D:9      | Found an ornate altar of the Wu Jian Council.
 10149 | D:10     | Entered Level 10 of the Dungeon
 10172 | D:10     | Noticed a two-headed ogre
 10177 | D:10     | Killed a two-headed ogre
 10177 | D:10     | Reached skill level 1 in Conjurations
 10379 | D:10     | Reached skill level 11 in Long Blades
 10555 | D:10     | Reached XP level 11. HP: 79/79 MP: 19/19
 10591 | D:10     | Offered knowledge of Inner Flame by Vehumet.
 10725 | D:10     | Reached skill level 5 in Stealth
 10983 | D:10     | Reached *** piety under Vehumet
 11595 | D:10     | Found a staircase to the Lair.
 11605 | D:10     | Offered knowledge of Throw Icicle by Vehumet.
 11614 | Lair:1   | Entered Level 1 of the Lair of Beasts
 11695 | Lair:1   | Noticed Harold
 11704 | Lair:1   | Killed Harold
 11980 | Lair:1   | Noticed an oklob plant
 11980 | Lair:1   | Noticed an oklob plant
 11981 | Lair:1   | Noticed an oklob plant
 12794 | D:11     | Noticed a red ugly thing
 12803 | D:11     | Killed a red ugly thing
 13094 | D:11     | Noticed an eight-headed hydra
 13107 | D:11     | Noticed a purple ugly thing
 13107 | D:11     | Killed an eight-headed hydra
 13114 | D:11     | Killed a purple ugly thing
 13473 | D:11     | Noticed Grum
 13482 | D:11     | Killed Grum
 13484 | D:11     | Reached skill level 5 in Conjurations
 13494 | D:11     | Learned a level 3 spell: Regeneration
 13649 | D:11     | Reached skill level 5 in Fighting
 13709 | D:11     | Identified a scroll of acquirement
 14004 | D:12     | Killed an unseen horror
 14004 | D:12     | Reached skill level 1 in Shields
 14004 | D:12     | Reached XP level 12. HP: 65/94 MP: 22/24
 14023 | D:12     | Reached skill level 12 in Long Blades
 14058 | D:12     | Learned a level 6 spell: Invisibility
 14088 | D:12     | Reached **** piety under Vehumet
 14172 | D:12     | Offered knowledge of Sticky Flame by Vehumet.
 14180 | D:12     | Learned a level 4 spell: Sticky Flame
 14702 | D:13     | Found a sacrificial altar of Ru.
 15040 | D:13     | Noticed a death knight
 15050 | D:13     | Got a slimy hat
 15061 | D:13     | Identified the +2 hat of the Devil's Team {*Corrode rN+ MR++ SInv} (You acquired it on level 13 of the Dungeon)
 15085 | D:13     | Killed a death knight
 15176 | D:14     | Noticed a two-headed ogre
 15180 | D:14     | Killed a two-headed ogre
 15415 | D:14     | Noticed a death knight
 15432 | D:14     | Noticed a centaur warrior
 15433 | D:14     | Killed a death knight
 15443 | D:14     | Noticed a tengu warrior
 15448 | D:14     | Noticed a death knight
 15603 | D:14     | Noticed a centaur warrior
 15610 | D:14     | Killed a centaur warrior
 15610 | D:14     | Reached skill level 1 in Charms
 15611 | D:14     | Noticed a vault guard
 15621 | D:14     | Splashed by an acid dragon's acid

Vault maps used:
D:1:      ldierk_walled_garden_2
D:2:      cheibrodos_helix_gallery, uniq_sigmund
D:3:      minmay_roachtagon, cheibriados_altar_1
D:5:      zin_statuary, first_ration, uniq_eustachio
D:6:      minitemple, xom_teletrap_fun, grunt_temple_overflow_open,
          serial_bayou, serial_bayou_lake_a, serial_bayou_crossing,
          serial_bayou_pond_d, serial_bayou_pond_d, serial_bayou_lagoon_b
D:7:      minmay_temple_entry_trees, uniq_prince_ribbit1
D:9:      kennysheep_mini_moat, hiddenorc2_lemuel, david_nohive_1,
          solitary_fountain
D:10:     grunt_lair_entry_orc_guard_hut
D:11:     uniq_grum
D:13:     basic_altar, library_closet
D:14:     cheibrodos_tormentor_scu, david_vaults_5, infiniplex_staircase_x,
          lemuel_flamethrower_1
Temple:   cyrus_circular_temple
Lair:1:   minmay_lair_oklob_chamber, uniq_harold

Skill      XL: |  1  2  3  4  5  6  7  8  9 10 11 12 |
---------------+-------------------------------------+-----
Throwing       | 2 |  2.0
Dodging        | 3 4 5 6 7 |  7.1
Long Blades    | 5 6 8 9 10 11 12 | 12.5
Hexes          | 3 5 7 |  7.0
Evocations     | 3 5 |  5.0
Spellcasting   | 3 5 8 9 |  9.1
Stealth        | 1 4 5 |  5.2
Conjurations   | 1 5 6 |  6.7
Fighting       | 5 |  5.0
Shields        | 1 4 |  4.0
Charms         | 1 |  1.0

Action                   |  1- 3 |  4- 6 |  7- 9 | 10-12 || total
-------------------------+-------+-------+-------+-------++-------
Melee: Long sword        |   126 |   146 |   264 |   500 ||  1036
       Tailslap          |    11 |    17 |    38 |    91 ||   157
       Kick              |       |       |    52 |    50 ||   102
Throw: Throwing net      |       |       |       |     1 ||     1
 Cast: Dazzling Spray    |       |       |     3 |       ||     3
 Abil: Breathe Dispellin |       |       |     4 |     5 ||     9
Evoke: Wand              |       |       |     8 |    23 ||    31
  Use: Potion            |     4 |       |     5 |     6 ||    15
       Scroll            |       |     6 |     5 |    20 ||    31
 Stab: Sleeping          |     2 |     3 |     4 |    11 ||    20
       Invisible         |       |       |     1 |       ||     1
       Distracted        |       |       |       |     4 ||     4
       Held in net/web   |       |       |       |     1 ||     1
  Eat: Chunk             |     1 |    28 |    10 |    30 ||    69
Armor: Skin              |   155 |    54 |    44 |    79 ||   332
Dodge: Dodged            |    96 |   115 |   189 |   356 ||   756
Block: Buckler           |       |       |       |    19 ||    19
       Rpst.: Long sword |    34 |    37 |    67 |    94 ||   232

Table legend:
 A = Spawn XP
 B = Non-spawn XP
 C = Spawn XP percentage of total XP
 D = Spawn monster count
 E = Non-spawn monster count
 F = Spawn count percentage of total count
 G = Total turns spent on level
                    A         B        C        D         E        F      G
               +---------+---------+-------+---------+---------+-------+---------
         Total |       0 |   30852 |   0.0 |       0 |     373 |   0.0 | 15621
               +---------+---------+-------+---------+---------+-------+---------
           D:1 |       0 |      27 |   0.0 |       0 |      15 |   0.0 |   768
           D:2 |       0 |     284 |   0.0 |       0 |      18 |   0.0 |   869
           D:3 |       0 |     265 |   0.0 |       0 |      39 |   0.0 |  1007
           D:4 |       0 |     177 |   0.0 |       0 |      10 |   0.0 |  1275
           D:5 |       0 |    1054 |   0.0 |       0 |      20 |   0.0 |   792
           D:6 |       0 |     803 |   0.0 |       0 |      25 |   0.0 |  1590
           D:7 |       0 |    2098 |   0.0 |       0 |      42 |   0.0 |  1316
           D:8 |       0 |    2103 |   0.0 |       0 |      23 |   0.0 |   768
           D:9 |       0 |    2584 |   0.0 |       0 |      62 |   0.0 |  1689
          D:10 |       0 |    5189 |   0.0 |       0 |      39 |   0.0 |  1502
          D:11 |       0 |    3211 |   0.0 |       0 |      15 |   0.0 |  1139
          D:12 |       0 |    3778 |   0.0 |       0 |      28 |   0.0 |   664
          D:13 |       0 |    2800 |   0.0 |       0 |      19 |   0.0 |   611
          D:14 |       0 |    3696 |   0.0 |       0 |       7 |   0.0 |   445
        Lair:1 |       0 |    2783 |   0.0 |       0 |      11 |   0.0 |  1111
               +---------+---------+-------+---------+---------+-------+---------
